 Dungeon Crawl Stone Soup version 0.19-a0-262-g5df7875 (webtiles) character file.

149 Kidiri the Covered (level 5, -2/46 HPs)
             Began as a Minotaur Fighter on May 25, 2016.
             Slain by Sigmund
             ... wielding a +0 scythe of freezing
              (7 damage)
             ... on level 3 of the Dungeon.
             The game lasted 00:05:41 (1998 turns).

Kidiri the Covered (Minotaur Fighter)               Turns: 1998, Time: 00:05:42

Health: -2/46      AC:  7    Str: 26    XL:     5   Next: 9%
Magic:  4/4        EV:  8    Int:  5    God:
Gold:   95         SH: 10    Dex: 10    Spells: 0 memorised, 4 levels left

rFire  . . .     SeeInvis .     a - +0 long sword
rCold  . . .     Gourm    .     b - +0 scale mail
rNeg   . . .     Faith    .     c - +0 shield
rPois  .         Spirit   .     (helmet restricted)
rElec  .         Dismiss  .     (no cloak)
rCorr  .         Reflect  .     (no gloves)
SustAt .         Harm     .     (no boots)
MR     .....                    (no amulet)
Stlth  ..........               (no ring)
                                (no ring)

@: mighty, about to teleport, not resistant to hostile enchantments, extremely
unstealthy
A: retaliatory headbutt, horns 2
a: no special abilities


You were on level 3 of the Dungeon.
You were not hungry.

You visited 1 branch of the dungeon, and saw 3 of its levels.

You collected 95 gold pieces.

Inventory:

Hand Weapons
 a - a +0 long sword (weapon)
Armour
 b - a +0 scale mail (worn)
 c - a +0 shield (worn)
 j - a +0 plate armour
Scrolls
 e - a scroll of identify
 i - a scroll of teleportation
 l - 3 scrolls of remove curse
 o - 2 scrolls of immolation {unknown}
Potions
 k - a potion of cure mutation
 m - a potion of magic
Comestibles
 f - 3 bread rations
 h - 4 chunks of flesh
 n - a fruit


   Skills:
 * Level 3.9 Fighting
 * Level 3.9 Long Blades
 + Level 1.0 Throwing
 * Level 4.6 Armour
 * Level 2.1 Dodging
 * Level 4.2 Shields


You had 4 spell levels left.
You didn't know any spells.

Dungeon Overview and Level Annotations

Branches:
Dungeon (3/15)

Altars:
Yredelemnul

Annotations:
D:3 DEFE's ghost, amateur HEGl; Sigmund


Innate Abilities, Weirdness & Mutations

You reflexively headbutt those who attack you in melee.
You have a pair of horns on your head.


Message History

As you read the scroll labeled EWAFEFR JISOO, it crumbles to dust.
It is a scroll of amnesia.
You feel forgetful for a moment.
The orc wizard gestures wildly while chanting.
The orc wizard flickers and vanishes!
Something hits you.
* * * LOW HITPOINT WARNING * * *
Something freezes you.
* * * LOW HITPOINT WARNING * * *
Unknown command.
Drink which item? (? for menu, Esc to quit)
Okay, then.
Unknown command.
You aren't carrying any items that you can evoke.
Unknown command.
Unknown command.
Read which item? (? for menu, Esc to quit)
As you read the scroll labeled ZENGYMUDUR, it crumbles to dust.
You feel strangely unstable.
It was a scroll of teleportation.
Something hits you!
You die...

#......รท############.###.#
..................##..#
..).###...............#
....# #...............#
....# #...............#
....# #...............#
....# #...............#
....# #...............#
....# #.........@.{...#
....# ##.......##)###..#
....# #.......##)# #.#
....# #.......##.# .# ....#
#............o.... ....#
#######.##.#####o. ....#
....#... .. ....#
###..##### .## ##### ....


There were no monsters in sight!

Vanquished Creatures
  4 adders
  4 gnolls
  An ooze (D:2)
  A worm (D:2)
  2 dart slugs (D:1)
  A giant gecko (D:2)
  10 orcs (D:3)
  5 bats
  2 giant cockroaches
  5 goblins
  4 hobgoblins
  5 jackals
  2 ball pythons (D:2)
  2 giant newts
  4 kobolds
  3 rats
55 creatures vanquished.

Notes
Turn   | Place    | Note
--------------------------------------------------------------
     0 | D:1      | Kidiri the Minotaur Fighter began the quest for the Orb.
     0 | D:1      | Reached XP level 1. HP: 19/19 MP: 0/0
   217 | D:1      | Reached XP level 2. HP: 27/27 MP: 1/1
   664 | D:2      | Found a basalt altar of Yredelemnul.
   686 | D:2      | Reached skill level 1 in Dodging
   709 | D:1      | Reached XP level 3. HP: 20/33 MP: 2/2
  1259 | D:2      | Reached XP level 4. HP: 33/40 MP: 3/3
  1701 | D:3      | Noticed DEFE's ghost (amateur HEGl)
  1759 | D:3      | Reached skill level 1 in Throwing
  1958 | D:3      | Reached XP level 5. HP: 46/46 MP: 4/4
  1976 | D:3      | Noticed Sigmund
  1998 | D:3      | Slain by Sigmund

Vault maps used:
D:1:      minmay_arrival_four_circles
D:2:      overflow_temple_1_default
D:3:      first_bread, uniq_sigmund

Skill      XL: |  1  2  3  4 |
---------------+-------------+-----
Dodging        | 1 2 |  2.1
Long Blades    | 3 |  3.9
Armour         | 4 |  4.6
Shields        | 4 |  4.2
Throwing       | 1 |  1.0
Fighting       | |  3.9

Action                   |  1- 3 |  4- 6 || total
-------------------------+-------+-------++-------
Melee: Long sword        |    68 |    64 ||   132
       Headbutt          |     6 |     5 ||    11
  Use: Scroll            |       |     5 ||     5
       Potion            |       |     1 ||     1
  Eat: Chunk             |     1 |     3 ||     4
Armor: Scale mail        |    33 |    33 ||    66
Dodge: Dodged            |    12 |    25 ||    37
Block: Shield            |    40 |    35 ||    75
